 Dungeon Crawl Stone Soup version 0.30-a0-879-ga8ba668304 (webtiles) character file.

Game seed: 2389002230263583685

16606 mandoloar the Thaumaturge (level 12, -1/91 HPs)
             Began as a Gnoll Air Elementalist on Mar 13, 2023.
             Was a Believer of Vehumet.
             Killed from afar by a rime drake (18 damage)
             ... with an icy flash freeze
             ... on level 2 of the Lair of Beasts.
             The game lasted 00:44:56 (21374 turns).

mandoloar the Thaumaturge (Gnoll Air Elementalist) Turns: 21374, Time: 00:44:57

Health: -1/91      AC: 11    Str:  7    XL:     12   Next: 39%
Magic:  6/34       EV: 15    Int: 20    God:    Vehumet [**....]
Gold:   916        SH:  6    Dex: 13    Spells: 24/29 levels left

rFire   . . .      SeeInvis +    b - +1 sling "Inluasif" {freeze, rElec rPois rN+}
rCold   . . .      Faith    .    D - +0 buckler
rNeg    + . .      Spirit   .    E - +2 robe of Hofor {Rampage rPois MP+9}
rPois   +          Reflect  .    k - +0 helmet
rElec   +          Rampage  +    s - +0 cloak
rCorr   .                        K - +1 pair of gloves
Will    .....                    d - +0 pair of boots
Stlth   ++++                     p - amulet of magic regeneration
HPRegen 0.35/turn                e - ring of see invisible
MPRegen 0.64/turn                j - ring of wizardry

@: no status effects
A: fangs 1, strong nose, distributed training
a: Renounce Religion


You were on level 2 of the Lair of Beasts.
You worshipped Vehumet.
Vehumet was pleased with you.
You visited 3 branches of the dungeon, and saw 13 of its levels.

You collected 916 gold pieces.

Inventory:

Hand Weapons
 a - a +0 morningstar of draining
 b - the +1 sling "Inluasif" (weapon) {freeze, rElec rPois rN+}
   (You took it off a vampire on level 9 of the Dungeon)

   rElec:     It insulates you from electricity.
   rPois:     It protects you from poison.
   rN:        It protects you from negative energy.
Armour
 d - a +0 pair of boots (worn)
 k - a +0 helmet (worn)
 s - a +0 cloak (worn)
 D - a +0 buckler (worn)
 E - the +2 robe of Hofor (worn) {Rampage rPois MP+9}
   (You found it on level 9 of the Dungeon)

   rPois:     It protects you from poison.
   MP:        It affects your magic capacity (+9).
   Rampage:   It bestows one free step when moving towards enemies.
 K - a +1 pair of gloves (worn)
Jewellery
 e - a ring of see invisible (left hand)
 j - a ring of wizardry (right hand)
 p - an amulet of magic regeneration (around neck)
 t - a ring of protection from fire
 x - a ring of protection from cold
 y - a ring of flight
 C - a +6 ring of dexterity
Wands
 q - a wand of paralysis (12)
 w - a wand of roots (11)
 F - a wand of flame (6)
Scrolls
 h - a scroll of torment
 r - 4 scrolls of teleportation
 v - 2 scrolls of fog
 H - a scroll of identify
 I - 2 scrolls of poison
 J - a scroll of silence
Potions
 c - 7 potions of curing
 f - 6 potions of brilliance
 g - 3 potions of attraction
 i - 2 potions of magic
 l - 3 potions of haste
 m - 2 potions of berserk rage
 n - a potion of invisibility
 o - 3 potions of lignification
 u - 2 potions of heal wounds
 z - 2 potions of might
 A - 6 potions of mutation
 B - 2 potions of ambrosia
 G - a potion of flight


   Skills:
 + Level 7.5 Fighting
 + Level 7.5 Short Blades
 + Level 7.5 Long Blades
 + Level 7.5 Axes
 + Level 7.5 Maces & Flails
 + Level 7.5 Polearms
 + Level 7.5 Staves
 + Level 7.5 Ranged Weapons
 + Level 7.5 Throwing
 + Level 7.5 Armour
 + Level 8.9 Dodging
 + Level 8.7 Stealth
 + Level 7.5 Shields
 + Level 7.5 Unarmed Combat
 + Level 9.1 Spellcasting
 + Level 6.6 Conjurations
 + Level 6.2 Hexes
 + Level 6.2 Summonings
 + Level 6.2 Necromancy
 + Level 6.2 Translocations
 + Level 6.2 Transmutations
 + Level 6.2 Fire Magic
 + Level 6.2 Ice Magic
 + Level 8.4 Air Magic
 + Level 6.2 Earth Magic
 + Level 6.2 Poison Magic
 + Level 8.2 Invocations
 + Level 7.5 Evocations


You had 24 spell levels left.
You knew the following spells:

 Your Spells              Type           Power      Damage    Failure   Level
a - Shock                 Conj/Air       100%       1d9       1%          1
b - Airstrike             Air            21%        2d(3-19)  1%          4

Your spell library contained the following spells:

 Spells                   Type           Power      Damage    Failure   Level
 Stone Arrow              Conj/Erth      70%        3d11      1%          3
 Apportation              Tloc           68%        N/A       1%          1
 Beastly Appendage        Tmut           68%        N/A       1%          1
 Necrotise                Necr           100%       1d9       1%          1
 Summon Small Mammal      Summ           100%       N/A       1%          1
 Static Discharge         Conj/Air       78%        2-6/arc   1%          2
 Wereblood                Tmut           34%        N/A       1%          2
 Inner Flame              Hex/Fire       34%        N/A       1%          3
 Portal Projectile        Hex/Tloc       68%        N/A       1%          3
 Spider Form              Tmut/Pois      34%        N/A       1%          3
 Swiftness                Air            42%        N/A       1%          3
 Tukima's Dance           Hex            34%        N/A       1%          3
 Cause Fear               Hex            17%        N/A       2%          4
 Alistair's Intoxication  Tmut/Pois      22%        N/A       9%          5
 Blade Hands              Tmut           17%        N/A       9%          5
 Discord                  Hex            17%        N/A       100%        8


Dungeon Overview and Level Annotations

Branches:
Dungeon (10/15)            Temple (1/1) D:7            Lair (2/5) D:9
    Orc (0/2) D:10
  Swamp: Lair:2-3    Shoals: Lair:2-3     Snake: Lair:2-3    Spider: Lair:2-3

Altars:
Ashenzari
Cheibriados
Dithmenos
Elyvilon
Fedhas
Gozag
Hepliaklqana
Kikubaaqudgha
Makhleb
Nemelex Xobeh
Okawaru
Qazlal
Ru
Sif Muna
Trog
Uskayaw
Vehumet
Wu Jian
Xom
Yredelemnul
Zin
The Shining One

Shops:
D:1 *   D:4 *[[   D:7 [


Innate Abilities, Weirdness & Mutations

You have very sharp teeth.
Your uncanny sense of smell can sniff out nearby items.
Your experience applies equally to all skills.


Message History

Casting: Airstrike (mildly dangerous; 1% risk of failure)
Confirm with . or Enter, or press ? or * to list all spells.
Aiming: Airstrike (mildly dangerous; 1% risk of failure)
Press: ? - help, Dir - move target, f/p - elephant
Aim: an elephant (severely wounded, empty space bonus: 2/8)
The air twists around and strikes the elephant.
The elephant is severely wounded.
The elephant completely misses you. The elephant barely misses you.
The elephant attacks as you move away!
The elephant tramples you but does no damage.
You block the elephant's attack.
Casting: Airstrike (mildly dangerous; 1% risk of failure)
Confirm with . or Enter, or press ? or * to list all spells.
Aiming: Airstrike (mildly dangerous; 1% risk of failure)
Press: ? - help, Dir - move target, f/p - elephant
Aim: an elephant (severely wounded, empty space bonus: 3/8)
The air twists around and strikes the elephant!
The elephant is almost dead.
The elephant closely misses you. You block the elephant's attack.
Casting: Airstrike (mildly dangerous; 1% risk of failure)
Confirm with . or Enter, or press ? or * to list all spells.
Aiming: Airstrike (mildly dangerous; 1% risk of failure)
Press: ? - help, Dir - move target, f/p - elephant
Aim: an elephant (almost dead, empty space bonus: 2/8)
The air twists around and strikes the elephant!
You kill the elephant!
Vehumet accepts your kill.
You feel your power returning. The rime drake misses you.
The rime drake attacks as you move away!
The rime drake barely misses you.
Casting: Airstrike (mildly dangerous; 1% risk of failure)
Confirm with . or Enter, or press ? or * to list all spells.
Aiming: Airstrike (mildly dangerous; 1% risk of failure)
Press: ? - help, Dir - move target, f - rime drake
Aim: a rime drake (empty space bonus: 4/8)
The air twists around and strikes the rime drake.
The rime drake is lightly wounded.
The rime drake breathes ice at you. The icy flash freeze hits you!!
You die...

.......##..........#
##..#.##....
......#####.....####
#...##.##... .....##
##.P### #....##.##..
....P# #### ##....#..##.
...### #### #.....#....
..## ##P.## #......#...
.##*###P...# #####
##.....##..
.#P##PP....###...####
#.........
...............k@...#
###....##.
###...#############.##
#.##..##. ♣♣♣♣.♣♣♣♣♣
♣♣.♣♣#..## ##*####..
.........♣♣♣♣♣...♣#...##
###
..................#....#
#
.......[.♣♣♣♣♣...♣#....#
### # ♣♣♣♣.♣♣♣♣♣
♣♣.♣♣#....# ###.## # *
### ##* #}#
#....###P...###
***#.***♣.♣*
♣♣.♣♣#.....###....#.


You could see a rime drake (catching breath).

Vanquished Creatures
  A two-headed ogre (D:9)
  Pikel (D:6)
  A cyclops (D:10)
  A black mamba (D:9)
  An elephant (Lair:2)
  An unseen horror (D:10)
  Maggie (D:6)
  4 cane toads
  3 komodo dragons
  A polar bear (D:9)
  2 trolls
  A hornet (D:10)
  Prince Ribbit (D:5)
  3 blink frogs (Lair:1)
  2 shadows (D:10)
  A vampire (D:9)
  21 yaks
  2 wyverns
  Eustachio (D:5)
  2 basilisks
  7 vampire mosquitoes
  2 steam dragons
  Edmund (D:5)
  5 water moccasins
  3 orc warriors
  A black bear (D:7)
  4 ice beasts
  2 sky beasts (D:6)
  3 ogres
  4 centaurs
  A lemure (D:6)
  A phantom (D:3)
  7 kobold brigands
  4 bullfrogs
  4 gnoll sergeants
  A scorpion (D:4)
  13 wights (D:6)
  14 killer bees
  3 electric eels
  5 orc priests
  Crazy Yiuf (D:2)
  A sleepcap (D:6)
  10 orc wizards
  5 iguanas
  7 gnolls
  7 adders
  An ufetubus (D:3)
  2 dart slugs (D:3)
  A worm (D:3)
  30 orcs
  6 bats
  7 endoplasms
  A giant cockroach (D:2)
  7 goblins
  7 hobgoblins
  6 jackals
  2 quokkas
  8 ball pythons
  3 frilled lizards
  34 kobolds
  3 rats
285 creatures vanquished.

Vanquished Creatures (others)
  4 fungi (Lair:1)
  94 plants
98 creatures vanquished.

Grand Total: 383 creatures vanquished

Notes
Turn   | Place    | Note
-------+----------+-------------------------------------------
     0 | D:1      | mandoloar the Gnoll Air Elementalist began the quest for
                  | the Orb.
     0 | D:1      | Reached XP level 1. HP: 13/13 MP: 6/6
   107 | D:1      | Found Plog's General Store.
   432 | D:1      | Reached XP level 2. HP: 19/19 MP: 4/7
  1527 | D:2      | Reached skill level 5 in Spellcasting
  1527 | D:2      | Reached XP level 3. HP: 25/25 MP: 2/9
  1614 | D:2      | Reached skill level 1 in Invocations
  1713 | D:2      | Reached skill level 1 in Fighting
  1713 | D:2      | Reached skill level 1 in Short Blades
  1713 | D:2      | Reached skill level 1 in Long Blades
  1713 | D:2      | Reached skill level 1 in Axes
  1713 | D:2      | Reached skill level 1 in Maces & Flails
  1713 | D:2      | Reached skill level 1 in Polearms
  1713 | D:2      | Reached skill level 1 in Staves
  1713 | D:2      | Reached skill level 1 in Ranged Weapons
  1713 | D:2      | Reached skill level 1 in Throwing
  1713 | D:2      | Reached skill level 1 in Armour
  1713 | D:2      | Reached skill level 1 in Shields
  1713 | D:2      | Reached skill level 1 in Unarmed Combat
  1713 | D:2      | Reached skill level 1 in Evocations
  1764 | D:2      | Reached XP level 4. HP: 32/32 MP: 8/11
  1975 | D:2      | You fall into a shaft and drop 1 floor!
  2146 | D:2      | Learned a level 4 spell: Airstrike
  2309 | D:2      | Found a runed translucent door.
  2310 | D:2      | Noticed Crazy Yiuf
  2460 | D:2      | Killed Crazy Yiuf
  2461 | D:2      | Reached skill level 1 in Hexes
  2461 | D:2      | Reached skill level 1 in Summonings
  2461 | D:2      | Reached skill level 1 in Necromancy
  2461 | D:2      | Reached skill level 1 in Translocations
  2461 | D:2      | Reached skill level 1 in Transmutations
  2461 | D:2      | Reached skill level 1 in Fire Magic
  2461 | D:2      | Reached skill level 1 in Ice Magic
  2461 | D:2      | Reached skill level 1 in Earth Magic
  2461 | D:2      | Reached skill level 1 in Poison Magic
  2748 | D:3      | Found a white marble altar of Elyvilon.
  2837 | D:3      | Reached XP level 5. HP: 37/37 MP: 9/12
  3007 | D:3      | Noticed a phantom
  3026 | D:3      | Killed a phantom
  3165 | D:3      | Found an opulent altar of Gozag.
  3708 | D:3      | Found a shadowy altar of Dithmenos.
  3709 | D:3      | Found a hazy altar of Hepliaklqana.
  3712 | D:3      | Noticed a shadow
  3860 | D:4      | Found Toleoss's Armour Emporium.
  4013 | D:4      | Found a shimmering blue altar of Sif Muna.
  4033 | D:4      | Found a basalt altar of Yredelemnul.
  4045 | D:4      | Reached skill level 5 in Dodging
  4045 | D:4      | Reached XP level 6. HP: 44/44 MP: 0/14
  4241 | D:4      | Found Yratos's Antique Armour Shoppe.
  4443 | D:4      | Reached XP level 7. HP: 14/51 MP: 7/15
  4447 | D:4      | HP: 2/51 [gnoll/+0 club[a gnoll sergeant] (5)]
  5088 | D:4      | Found Jiugolunk's Assorted Antiques.
  5547 | D:4      | Reached skill level 5 in Stealth
  6199 | D:5      | Entered Level 5 of the Dungeon
  6727 | D:5      | Noticed Prince Ribbit
  6789 | D:5      | Killed Prince Ribbit
  6790 | D:5      | Reached XP level 8. HP: 5/58 MP: 3/16
  7168 | D:5      | Reached skill level 6 in Spellcasting
  7520 | D:5      | Noticed Eustachio
  7526 | D:5      | Killed Eustachio
  7652 | D:5      | Noticed Edmund
  7667 | D:5      | Killed Edmund
  8224 | D:6      | Reached XP level 9. HP: 63/65 MP: 8/18
  9398 | D:6      | Reached skill level 5 in Invocations
  9619 | D:6      | Noticed Pikel
  9634 | D:6      | Killed Pikel
  9635 | D:6      | Reached skill level 7 in Spellcasting
 10055 | D:6      | Noticed Maggie
 10066 | D:6      | Killed Maggie
 10067 | D:6      | Reached skill level 5 in Fighting
 10067 | D:6      | Reached skill level 5 in Short Blades
 10067 | D:6      | Reached skill level 5 in Long Blades
 10067 | D:6      | Reached skill level 5 in Axes
 10067 | D:6      | Reached skill level 5 in Maces & Flails
 10067 | D:6      | Reached skill level 5 in Polearms
 10067 | D:6      | Reached skill level 5 in Staves
 10067 | D:6      | Reached skill level 5 in Ranged Weapons
 10067 | D:6      | Reached skill level 5 in Throwing
 10067 | D:6      | Reached skill level 5 in Armour
 10067 | D:6      | Reached skill level 5 in Shields
 10067 | D:6      | Reached skill level 5 in Unarmed Combat
 10067 | D:6      | Reached skill level 5 in Evocations
 10067 | D:6      | Reached XP level 10. HP: 66/74 MP: 4/20
 10489 | D:7      | Found a staircase to the Ecumenical Temple.
 10498 | Temple   | Entered the Ecumenical Temple
 10950 | D:7      | Found Xikoa's Armour Emporium.
 12029 | D:8      | Reached skill level 5 in Conjurations
 12191 | D:8      | Found a radiant altar of Vehumet.
 12197 | D:8      | Became a worshipper of Vehumet
 13264 | D:9      | Identified the +4 ring mail of the Old and Reckless {Str+5
                  | Dex+3 Stlth+}
 13318 | D:9      | Found a sacrificial altar of Ru.
 13352 | D:9      | Found an ornate altar of the Wu Jian Council.
 13370 | D:9      | Identified the +2 robe of Hofor {Rampage rPois MP+9}
 13899 | D:9      | Found a staircase to the Lair.
 14004 | D:9      | Identified the +1 sling "Inluasif" {freeze, rElec rPois
                  | rN+}
 14352 | D:9      | Found a shimmering altar of Xom.
 14430 | D:9      | Found a stormy altar of Qazlal.
 14658 | D:9      | Found a shimmering altar of Xom.
 14658 | D:9      | Found a shimmering altar of Xom.
 14664 | D:9      | Found a shimmering altar of Xom.
 14664 | D:9      | Found a shimmering altar of Xom.
 14664 | D:9      | Found a shimmering altar of Xom.
 14666 | D:9      | Found a shimmering altar of Xom.
 14666 | D:9      | Found a shimmering altar of Xom.
 14871 | D:10     | Entered Level 10 of the Dungeon
 15182 | D:10     | Found a glowing silver altar of Zin.
 15253 | D:10     | Reached skill level 5 in Hexes
 15253 | D:10     | Reached skill level 5 in Summonings
 15253 | D:10     | Reached skill level 5 in Necromancy
 15253 | D:10     | Reached skill level 5 in Translocations
 15253 | D:10     | Reached skill level 5 in Transmutations
 15253 | D:10     | Reached skill level 5 in Fire Magic
 15253 | D:10     | Reached skill level 5 in Ice Magic
 15253 | D:10     | Reached skill level 5 in Earth Magic
 15253 | D:10     | Reached skill level 5 in Poison Magic
 15253 | D:10     | Reached XP level 11. HP: 25/81 MP: 15/22
 15255 | D:10     | Reached skill level 8 in Spellcasting
 15256 | D:10     | HP: 3/81 [troll (5)]
 15716 | D:10     | Noticed a two-headed ogre
 15758 | D:9      | Killed a two-headed ogre
 15962 | D:10     | Noticed a cyclops
 15967 | D:10     | Killed a cyclops
 16346 | D:10     | Reached * piety under Vehumet
 16346 | D:10     | Offered knowledge of Freeze by Vehumet.
 16666 | D:10     | Found a staircase to the Orcish Mines.
 17627 | D:10     | Noticed a centaur warrior
 17627 | D:10     | Noticed a centaur warrior
 17627 | D:10     | Noticed an ogre mage
 17635 | D:10     | Offered knowledge of Poisonous Vapours by Vehumet.
 17646 | D:10     | HP: 4/83 [centaur warrior/arrow (11)]
 17950 | Lair:1   | Entered Level 1 of the Lair of Beasts
 17970 | D:9      | Reached ** piety under Vehumet
 18897 | D:9      | Reached XP level 12. HP: 66/91 MP: 18/24
 19578 | Lair:1   | Reached skill level 9 in Spellcasting
 19847 | Lair:1   | Offered knowledge of Stone Arrow by Vehumet.
 21374 | Lair:2   | Killed from afar by a rime drake

Illustrated notes

Levels and vault maps discovered:
D:1:      dpeg_arrival_tiny_c, layout_basic, serial_shops, nicolae_shop_crystal
D:2:      wad_river_or_something, layout_basic, kennysheep_nondescript,
          minmay_misc_feat_x, uniq_crazy_yiuf_cottage
D:3:      layout_loops_ring, riverfiend_overflow_shadow_ancestor,
          amcnicky_altar_gilded, nicolae_gozag_seed_capital
D:4:      kennysheep_kobold_camp, layout_loops_corners,
          mainiacjoe_overflow_large_starburst, serial_shops,
          nicolae_shop_hallway_stairs, shop, shop, portal_sewer_entry_d,
          corner_web_ring, lightli_minifort
D:5:      layout_cave_pools, uniq_prince_ribbit1, uniq_edmund, uniq_eustachio
D:6:      layout_basic, chequers_serial_rivers_small_b, uniq_maggie, uniq_pikel
D:7:      layout_cave_pods, minmay_temple_entry_purple_smoke, serial_shops,
          nicolae_square_shop
D:8:      layout_basic, nicolae_vehumet_radiance
D:9:      layout_loops_corners, xom_shifter_show,
          mainiacjoe_overflow_catch_the_wave, nicolae_qazlal_general_emergency,
          lair_entry_dummy
D:10:     minmay_chambers_of_sevens, layout_loops_ring, zin_statuary,
          kennysheep_orc_monster_closet_entryway
Temple:   chequers_temple_sunken
Lair:1:   layout_misc_corridors, st_stairs_10, serial_bayou_lagoon_a, pond,
          grunt_megastairs_4
Lair:2:   nzn_winding_woodlands_medium [nzn_winding_woodlands_5x5_default,
          nzn_winding_woodlands_5x15_default, nzn_winding_woodlands_5x5_default,
          nzn_winding_woodlands_5x5_checkerboard,
          nzn_winding_woodlands_center_diamonds,
          nzn_winding_woodlands_5x5_closed_star,
          nzn_winding_woodlands_5x5_open_star,
          nzn_winding_woodlands_5x15_garden, nzn_winding_woodlands_5x5_default],
          layout_cave_pods

Skill      XL: |  1  2  3  4  5  6  7  8  9 10 11 12 |
---------------+-------------------------------------+-----
Conjurations   | 2 3 4 5 6 |  6.6
Spellcasting   | 5 6 7 8 9 |  9.1
Invocations    | 1 2 3 4 5 6 7 8 |  8.2
Fighting       | 1 2 3 5 6 7 |  7.5
Short Blades   | 1 2 3 5 6 7 |  7.5
Long Blades    | 1 2 3 5 6 7 |  7.5
Axes           | 1 2 3 5 6 7 |  7.5
Maces & Flails | 1 2 3 5 6 7 |  7.5
Polearms       | 1 2 3 5 6 7 |  7.5
Staves         | 1 2 3 5 6 7 |  7.5
Ranged Weapons | 1 2 3 5 6 7 |  7.5
Throwing       | 1 2 3 5 6 7 |  7.5
Armour         | 1 2 3 5 6 7 |  7.5
Shields        | 1 2 3 5 6 7 |  7.5
Unarmed Combat | 1 2 3 5 6 7 |  7.5
Evocations     | 1 2 3 5 6 7 |  7.5
Hexes          | 1 2 3 4 5 6 |  6.2
Summonings     | 1 2 3 4 5 6 |  6.2
Necromancy     | 1 2 3 4 5 6 |  6.2
Translocations | 1 2 3 4 5 6 |  6.2
Transmutations | 1 2 3 4 5 6 |  6.2
Fire Magic     | 1 2 3 4 5 6 |  6.2
Ice Magic      | 1 2 3 4 5 6 |  6.2
Earth Magic    | 1 2 3 4 5 6 |  6.2
Poison Magic   | 1 2 3 4 5 6 |  6.2
Dodging        | 5 6 7 8 |  8.9
Stealth        | 5 6 7 8 |  8.7
Air Magic      | 6 7 8 |  8.4

Action                     |  1- 3 |  4- 6 |  7- 9 | 10-12 || total
---------------------------+-------+-------+-------+-------++-------
  Melee: Flail             |     4 |    21 |    13 |       ||    38
         Bite              |     1 |     2 |     2 |     3 ||     8
         Morningstar       |       |       |    17 |    22 ||    39
         Punch             |       |       |     1 |     2 ||     3
   Fire: Sling             |       |       |     6 |    11 ||    17
   Cast: Shock             |    57 |   105 |   158 |   278 ||   598
         Airstrike         |       |     2 |    52 |   202 ||   256
    Use: Scroll            |       |     8 |     8 |    11 ||    27
   Stab: Distracted        |       |       |     1 |       ||     1
         Sleeping          |       |       |     2 |       ||     2
 Armour: Robe              |     6 |    10 |    16 |    68 ||   100
  Dodge: Dodged            |    13 |    34 |    71 |   219 ||   337
  Block: Buckler           |       |       |       |    30 ||    30

Table legend: (Time is in decaauts)
 A = Elapsed time spent in this place.
 B = Non-inter-level travel time spent in this place.
 C = Inter-level travel time spent in this place.
 D = Time resting spent in this place.
 E = Time spent auto-exploring this place.
 F = Levels seen in this place.
 G = Mean time per level.
                   A        B        C        D        E       F      G
               +--------+--------+--------+--------+--------+-----+--------+
         Total |  21484 |  20145 |   1339 |   8500 |   9059 |  13 | 1652.6 |
       Dungeon |  18662 |  17475 |   1187 |   7248 |   8027 |  10 | 1866.2 |
        Temple |    212 |    190 |     22 |      0 |    183 |   1 |  212.0 |
          Lair |   2608 |   2479 |    129 |   1252 |    848 |   2 | 1304.0 |
               +--------+--------+--------+--------+--------+-----+--------+

Top non-repeatable levels by time:
     D:9: 3822 daAuts
     D:4: 2609 daAuts
     D:6: 2451 daAuts
    D:10: 1729 daAuts
  Lair:1: 1682 daAuts
     D:5: 1528 daAuts
     D:2: 1503 daAuts
     D:3: 1458 daAuts
     D:7: 1264 daAuts
     D:8: 1247 daAuts
     D:1: 1048 daAuts
  Lair:2: 926 daAuts
  Temple: 212 daAuts
